 Dungeon Crawl Stone Soup version 0.27.0-65-ge2af304b15 (webtiles) character file.

Game seed: 10431484411399995409

114053 robertstho the Eclecticist (level 17, -6/121 HPs)
             Began as a Djinni Fire Elementalist on Aug 18, 2021.
             Was an Initiate of Gozag.
             Shot with a bolt by a naga sharpshooter (22 damage)
             ... on level 2 of the Snake Pit.
             The game lasted 01:07:23 (43693 turns).

robertstho the Eclecticist (DjFE)                  Turns: 43693, Time: 01:07:23

Health: -6/121     AC: 14    Str: 11    XL:     17   Next: 19%
Gold:   4090       EV: 12    Int: 31    God:    Gozag SH:  0 Dex: 19

rFire    + + +     SeeInvis .   O - +6 quarterstaff "Hell-Harrower" {protect, rPois Str+4 Int+4}
rCold    + . .     Faith    .   (shield currently unavailable)
rNeg     + + .     Spirit   .   a - +3 ring mail of the Black Moon {+Inv rC+ rCorr}
rPois    ∞         Reflect  .   q - +2 hat {Will+}
rElec    +         Harm     .   z - +0 cloak {Will+}
rCorr    +         Rampage  .   n - +0 pair of gloves
Will     +++..                  (boots unavailable)
Stlth    ++........             T - amulet of the Air {Inacc Air Fly rElec RMsl}
HPRegen  0.30/turn              h - ring of Daffodils {rF+ rC+ rN+ Int+6 Dex+2}
MPRegen  0.00/turn              l - ring "Renu" {rElec rF+ rN+}

@: gold aura, flying, repel missiles
A: sickness immunity, fire resistance 2, cold vulnerability 1, float, innate
caster, hp casting, extra vitality 1
a: Renounce Religion, Evoke Invisibility, Potion Petition, Call Merchant, Bribe
Branch


You were on level 2 of the Snake Pit.
You worshipped Gozag.
Gozag was most pleased with you.
You visited 5 branches of the dungeon, and saw 24 of its levels.
You also visited: Ice Cave and Volcano.

You collected 8426 gold pieces.
You spent 3127 gold pieces at shops.
You paid 1209 gold pieces to Gozag.

Inventory:

Hand Weapons
 H - a +1 broad axe of flaming
 I - a +2 great sword of flaming
 O - the +6 quarterstaff "Hell-Harrower" (weapon) {protect, rPois Str+4 Int+4}
   (You found it on level 6 of the Lair of Beasts)

   It grants its wielder temporary protection when it strikes (+7 to AC).
   Str:       It affects your strength (+4).
   Int:       It affects your intelligence (+4).
   rPois:     It protects you from poison.
Missiles
 d - 404 stones
 K - a throwing net
Armour
 a - the +3 ring mail of the Black Moon (worn) {+Inv rC+ rCorr}
   (You took it off an orc on level 9 of the Dungeon)

   rC:        It protects you from cold.
   +Inv:      It lets you turn invisible.
   rCorr:     It protects you from acid and corrosion.
 n - a +0 pair of gloves (worn)
 q - a +2 hat of willpower (worn)
 z - a +0 cloak of willpower (worn)
 D - a +2 robe of willpower
 L - a scarf of invisibility
Jewellery
 h - the ring of Daffodils (left hand) {rF+ rC+ rN+ Int+6 Dex+2}
   (You found it on level 10 of the Dungeon)

   [ring of intelligence]

   Int:       It affects your intelligence (+6).
   Dex:       It affects your dexterity (+2).
   rF:        It protects you from fire.
   rC:        It protects you from cold.
   rN:        It protects you from negative energy.
 l - the ring "Renu" (right hand) {rElec rF+ rN+}
   (You bought it in a shop on level 1 of the Lair of Beasts)

   [ring of positive energy]

   rF:        It protects you from fire.
   rElec:     It insulates you from electricity.
   rN:        It protects you from negative energy.
 A - the ring of Tabor {rN+ Will+}
   (You found it on level 12 of the Dungeon)

   [ring of positive energy]

   rN:        It protects you from negative energy.
   Will:      It increases your willpower.
 E - a +6 ring of dexterity
 S - a +4 ring of protection
 T - the amulet of the Air (around neck) {Inacc Air Fly rElec RMsl}
   (You found it in an ice cave)

   [amulet of nothing]

   It reduces the accuracy of all your attacks.
   It enhances your air magic.
   rElec:     It insulates you from electricity.
   Fly:       It grants you flight.
   RMsl:      It protects you from missiles.
Wands
 s - a wand of digging (10)
 v - a wand of mindburst (11)
 w - a wand of acid (6)
 R - a wand of iceblast (23)
Scrolls
 b - 14 scrolls of teleportation
 f - 3 scrolls of magic mapping
 g - a scroll of summoning
 j - 3 scrolls of fear
 k - 3 scrolls of identify
 m - 5 scrolls of immolation
 r - 4 scrolls of enchant weapon
 t - 4 scrolls of holy word
 u - 4 scrolls of fog
 y - a scroll of silence
 M - a scroll of enchant armour
 N - 2 scrolls of brand weapon
Potions
 c - 5 potions of brilliance
 e - 3 potions of attraction
 i - 4 potions of mutation
 o - a potion of cancellation {unknown}
 p - 12 potions of curing
 B - a potion of lignification
 C - a potion of heal wounds
 F - a potion of invisibility
 J - a potion of berserk rage
 P - 2 potions of resistance
 Q - a potion of haste
 X - 2 potions of might
 Z - a potion of ambrosia
Miscellaneous
 x - a lightning rod (4/4)
 G - a phantom mirror
 Y - a box of beasts (inert)


   Skills:
 * Level 10.8 Fighting
 + Level 3.1 Long Blades
 + Level 7.8 Armour
 + Level 4.2 Dodging
 + Level 4.7 Stealth
 + Level 0.1 Shields
 * Level 18.5 Spellcasting
 + Level 1.6 Evocations


You had 7 spell levels left.
You knew the following spells:

 Your Spells              Type           Power      Damage    Failure   Level
a - Foxfire               Conj/Fire      100%       2x1d9     0%          1
b - Conjure Flame         Conj/Fire      97%        6-21      0%          3
c - Inner Flame           Hex/Fire       97%        N/A       0%          3
d - Sticky Flame          Conj/Fire      97%        2d11      0%          4
e - Fireball              Conj/Fire      48%        3d19      1%          5
f - Sandblast             Erth           100%       2d20      0%          1
g - Call Imp              Summ           97%        N/A       0%          2
h - Corpse Rot            Necr/Air       N/A        N/A       0%          2
i - Spider Form           Tmut/Pois      48%        N/A       0%          3
j - Blade Hands           Tmut           48%        N/A       1%          5
k - Yara's Violent Unrav  Hex/Tmut       48%        3d19      1%          5
l - Starburst             Conj/Fire      48%        6d13      1%          6
m - Iron Shot             Conj/Erth      48%        9d9       1%          6
Your spell library was empty.

Dungeon Overview and Level Annotations

Branches:
Dungeon (13/15)            Temple (1/1) D:7            Lair (6/6) D:9
 Shoals (0/4) Lair:2        Snake (2/4) Lair:3        Slime (0/5) Lair:5
    Orc (2/2) D:9             Elf (0/3) Orc:2        Vaults (0/5) D:13
  IceCv (visited)         Volcano (visited)

Altars:
Ashenzari
Cheibriados
Dithmenos
Elyvilon
Fedhas
Gozag
Hepliaklqana
Kikubaaqudgha
Makhleb
Nemelex Xobeh
Okawaru
Qazlal
Ru
Sif Muna
Trog
Uskayaw
Vehumet
Wu Jian
Xom
Yredelemnul
Zin
The Shining One
Beogh

Shops:
D:9 (   D:12 ?*   Orc:2 [=:*(   Lair:1 =   Snake:1 !(

Annotations:
Lair:5 3 runed translucent doors, Caath's ghost, journeyman DrFi; Cogue's ghost, journeyman VSWz; Panli's ghost, journeyman CeAM
Snake:2 Saint Roka


Innate Abilities, Weirdness & Mutations

You are immune to sickness and miasma.
You are immune to poison.
Your flesh is very heat resistant. (rF++)
You are vulnerable to cold. (rC-)
You float through the air rather than walking.
You learn spells naturally, not from books.
Your magical power is your life essence.
You have superior vitality. (+4 HP)


Message History

Press: ? - help, Shift-Dir - straight line, f/p - naga sharpshooter
Aim: a naga sharpshooter, wielding a +0 shortbow, wearing a +0 robe and quivering arrows (64% to hit)
The iron shot misses the naga sharpshooter.
The naga sharpshooter shoots an arrow.
The arrow misses you.
The naga sharpshooter mumbles some strange words.
The naga sharpshooter magically shoots a bolt.
The bolt hits you!
Casting: Iron Shot (mildly dangerous; 1% risk of failure)
Confirm with . or Enter, or press ? or * to list all spells.
Casting: Starburst (mildly dangerous; 1% risk of failure)
Press: ? - help, Dir - look around, f - activate The bolt of fire misses the naga sharpshooter.
* * * LOW HITPOINT WARNING * * *
The naga sharpshooter mumbles some strange words.
The naga sharpshooter magically shoots an arrow.
The arrow hits you!
* * * LOW HITPOINT WARNING * * *
Unknown command.
You feel much better.
The naga sharpshooter spits poison at you.
The splash of poison misses you.
Casting: Starburst (mildly dangerous; 1% risk of failure)
Confirm with . or Enter, or press ? or * to list all spells.
Casting: Starburst (mildly dangerous; 1% risk of failure)
Press: ? - help, Dir - look around, f - activate The bolt of fire hits the naga sharpshooter!!!
The naga sharpshooter is severely wounded.
* * * LOW HITPOINT WARNING * * *
The naga sharpshooter shoots an arrow.
The arrow hits you!
* * * LOW HITPOINT WARNING * * *
Casting: Starburst (mildly dangerous; 1% risk of failure)
Confirm with . or Enter, or press ? or * to list all spells.
Casting: Starburst (mildly dangerous; 1% risk of failure)
Press: ? - help, Dir - look around, f - activate The bolt of fire hits the naga sharpshooter!!!
You kill the naga sharpshooter!
* * * LOW HITPOINT WARNING * * *
The naga sharpshooter shoots a bolt.
The bolt hits you!!
You die...
Your body crumbles into a pile of gold.

.##.....).......##....###.#
..###..........##.........#
....#.....[N...#...:....###
....####..[.N..#.........#
..... #.$...).#....>....#
..... #.......#.........#
..... #.......#.........###
#.... ###.....#.####^.....#
#.... ##....#@# ######## #
... #..N.$.# # . #.####.#
## #.# ###


You could see a naga sharpshooter.

Vanquished Creatures
  A white draconian (IceCv)
  A dire elephant (Lair:6)
  Josephine (Orc:1)
  2 naga warriors
  5 hydras
  A catoblepas (Lair:6)
  A vault guard (D:13)
  7 anacondas
  2 ogre magi (Orc:2)
  A salamander tyrant (Snake:1)
  Erica (D:11)
  5 two-headed ogres
  A centaur warrior (Volcano)
  7 boulder beetles
  A tengu warrior (D:13)
  9 naga sharpshooters
  11 death yaks
  A deep troll shaman (Lair:6)
  Urug (D:13)
  A hell knight (Volcano)
  Sonja (D:12)
  Nergalle (Orc:2)
  A fire crab (Lair:3)
  7 skeletal warriors
  A salamander mystic (Snake:1)
  2 naga ritualists
  A mana viper (Snake:1)
  2 oklob plants (Lair:4)
  11 orc sorcerers
  An ugly thing (D:13)
  3 manticores
  7 salamanders
  14 elephants
  A merfolk siren (Lair:2)
  A guardian serpent (Lair:5)
  2 ice statues (IceCv)
  20 black mambas
  5 naga magi
  2 molten gargoyles (Volcano)
  14 cane toads
  An unseen horror (D:13)
  A yaktaur (shapeshifter) (D:13)
  Maggie (D:6)
  A kobold demonologist (D:12)
  6 rime drakes
  13 komodo dragons
  Psyche (D:8)
  2 yaktaurs (Volcano)
  2 merfolk (Lair:2)
  5 trolls
  3 hornets
  A polar bear (Lair:5)
  Grinder (D:3)
  10 slime creatures
  8 dream sheep (Lair:5)
  11 blink frogs
  A meliai zombie (D:11)
  4 wraiths
  A vampire (D:12)
  A spriggan (shapeshifter) (D:11)
  A shadow (D:9)
  55 yaks
  A wyvern (Lair:5)
  2 fire bats (Volcano)
  2 basilisks
  9 humans (D:13)
  A steam dragon (Lair:3)
  5 vampire mosquitoes
  2 wargs
  19 nagas
  13 water moccasins
  2 hell hounds (Lair:2)
  2 sky beasts
  16 orc warriors
  3 ice beasts
  6 black bears
  2 necrophages
  3 wolves (Lair:6)
  9 ogres
  6 centaurs
  4 phantoms
  3 kobold brigands
  11 bullfrogs
  Blork the orc (D:6)
  A gnoll sergeant (D:7)
  5 scorpions
  A wyvern skeleton (D:5)
  3 water moccasin skeletons
  5 killer bees
  3 lindwurm simulacra (IceCv)
  13 wights
  An electric eel (D:9)
  4 howler monkeys
  7 komodo dragon simulacra (IceCv)
  5 lava snakes (Volcano)
  4 centaur zombies
  10 orc priests
  A gnoll shaman (D:5)
  2 hounds (D:4)
  A bullfrog skeleton (D:5)
  15 jellies
  Crazy Yiuf (D:6)
  Terence (D:2)
  9 iguanas
  Natasha (D:4)
  28 orc wizards
  17 hell rats
  2 killer bee zombies
  A scorpion zombie (D:5)
  5 gnolls
  2 howler monkey skeletons
  7 acid dragon simulacra (IceCv)
  6 adders
  2 shadow imps (D:5)
  5 white imps
  An ufetubus (D:6)
  4 steam dragon simulacra (IceCv)
  A worm (D:4)
  2 dart slugs (D:5)
  67 orcs
  6 endoplasms
  A giant cockroach (D:2)
  5 goblins
  9 hobgoblins
  9 jackals
  5 quokkas
  3 training dummies (Snake:1)
  5 ball pythons
  4 bats
  3 frilled lizards (D:1)
  26 kobolds
  2 rats
  2 bushes
732 creatures vanquished.

Vanquished Creatures (collateral kills)
  An elephant (Lair:6)
  3 foxfires
4 creatures vanquished.

Vanquished Creatures (others)
  A vault guard (D:13)
  A human (D:13)
  A quokka (D:3)
  719 foxfires
  42 fungi
  37 plants
  4 withered plants (Lair:5)
805 creatures vanquished.

Grand Total: 1541 creatures vanquished

Notes
Turn   | Place    | Note
-------+----------+-------------------------------------------
     0 | D:1      | robertstho the Djinni Fire Elementalist began the quest for
                  | the Orb.
     0 | D:1      | Reached XP level 1. HP: 15/15 MP: 0/0
     2 | D:1      | Noticed a draconian
     2 | D:1      | Noticed a spriggan
     4 | D:1      | Noticed a vampire
     4 | D:1      | Noticed a vine stalker
     6 | D:1      | Noticed a minotaur
     6 | D:1      | Noticed a formicid
     8 | D:1      | Noticed a demigod
     8 | D:1      | Noticed a dwarf
    10 | D:1      | Noticed a troll
    10 | D:1      | Noticed a tengu
    12 | D:1      | Noticed an ogre
    14 | D:1      | Noticed a ghoul
    14 | D:1      | Noticed a demonspawn
    16 | D:1      | Noticed an octopode
    16 | D:1      | Noticed a naga
    18 | D:1      | Noticed an elf
    20 | D:1      | Noticed a human
    22 | D:1      | Noticed a palentonga
    22 | D:1      | Noticed a djinni
    24 | D:1      | Noticed a barachi
    24 | D:1      | Noticed a merfolk
    26 | D:1      | Noticed a felid
    26 | D:1      | Noticed a gargoyle
   224 | D:1      | Reached XP level 2. HP: 4/21 MP: 0/0
   553 | D:1      | Reached skill level 3 in Spellcasting
   560 | D:1      | Reached XP level 3. HP: 17/26 MP: 0/0
   560 | D:1      | Learned a level 1 spell: Sandblast
  1336 | D:1      | Found a faded altar of an unknown god.
  2127 | D:2      | Noticed Terence
  2137 | D:2      | Killed Terence
  2138 | D:2      | Reached skill level 1 in Fighting
  2138 | D:2      | Reached XP level 4. HP: 21/32 MP: 0/0
  2300 | D:2      | Found a blossoming altar of Fedhas.
  2705 | D:3      | Reached XP level 5. HP: 17/37 MP: 0/0
  2705 | D:3      | Learned a level 2 spell: Call Imp
  2873 | D:3      | Found a blossoming altar of Fedhas.
  3032 | D:3      | Noticed Grinder
  3043 | D:3      | Killed Grinder
  3044 | D:3      | Reached skill level 4 in Spellcasting
  3044 | D:3      | Reached XP level 6. HP: 35/43 MP: 0/0
  3253 | D:3      | Found a white marble altar of Elyvilon.
  3349 | D:3      | Reached skill level 5 in Spellcasting
  3349 | D:3      | Reached XP level 7. HP: 40/48 MP: 0/0
  3349 | D:3      | Learned a level 2 spell: Corpse Rot
  3398 | D:3      | Found a basalt altar of Yredelemnul.
  3489 | D:3      | Found a broken altar of Ashenzari.
  4628 | D:4      | Reached skill level 6 in Spellcasting
  4676 | D:4      | Reached XP level 8. HP: 43/55 MP: 0/0
  4780 | D:4      | Noticed Natasha
  4797 | D:4      | Killed Natasha
  5172 | D:5      | Entered Level 5 of the Dungeon
  5402 | D:5      | Reached skill level 7 in Spellcasting
  5752 | D:5      | Reached XP level 9. HP: 55/60 MP: 0/0
  5752 | D:5      | Learned a level 3 spell: Spider Form
  6130 | D:5      | Reached skill level 8 in Spellcasting
  6865 | D:6      | Noticed Blork the orc
  6876 | D:6      | Killed Blork the orc
  7054 | D:6      | Found a shadowy altar of Dithmenos.
  7343 | D:6      | Found a sacrificial altar of Ru.
  7477 | D:6      | Found a runed translucent door.
  7478 | D:6      | Noticed Crazy Yiuf
  7528 | D:6      | Reached skill level 9 in Spellcasting
  7655 | D:6      | Found a bloodstained altar of Trog.
  8111 | D:6      | Noticed Maggie
  8118 | D:6      | Killed Maggie
  8119 | D:6      | Reached skill level 1 in Long Blades
  8119 | D:6      | Reached XP level 10. HP: 22/67 MP: 0/0
  9091 | D:6      | Killed Crazy Yiuf
  9118 | D:7      | Found a glowing golden altar of the Shining One.
  9187 | D:7      | Reached skill level 10 in Spellcasting
  9314 | D:7      | Found a staircase to the Ecumenical Temple.
  9329 | Temple   | Entered the Ecumenical Temple
  9749 | Temple   | Became a worshipper of Gozag Ym Sagoz the Greedy
 11154 | D:8      | Reached skill level 1 in Armour
 11602 | D:8      | Noticed Psyche
 11605 | D:8      | Killed Psyche
 11899 | D:9      | Reached XP level 11. HP: 23/74 MP: 0/0
 11899 | D:9      | Learned a level 5 spell: Blade Hands
 12135 | D:9      | Noticed a two-headed ogre
 12138 | D:9      | Killed a two-headed ogre
 12139 | D:9      | Reached skill level 5 in Fighting
 12139 | D:9      | Reached skill level 11 in Spellcasting
 12203 | D:9      | Identified the +3 ring mail of the Black Moon {+Inv rC+
                  | rCorr}
 12441 | D:9      | Found Kytsah's Weapon Emporium.
 13308 | D:9      | Found a staircase to the Orcish Mines.
 13377 | D:9      | Found a staircase to the Lair.
 13486 | D:9      | Noticed a two-headed ogre
 13489 | D:9      | Killed a two-headed ogre
 13978 | D:10     | Entered Level 10 of the Dungeon
 14024 | D:10     | Identified the ring of Daffodils {rF+ rC+ rN+ Int+6 Dex+2}
 14302 | D:10     | Found an ornate altar of the Wu Jian Council.
 14566 | D:10     | Found a hazy altar of Hepliaklqana.
 14912 | D:11     | Noticed a two-headed ogre
 14915 | D:11     | Killed a two-headed ogre
 15523 | D:11     | Noticed Erica
 15528 | D:11     | Killed Erica
 15529 | D:11     | Reached skill level 12 in Spellcasting
 15538 | D:11     | Noticed a skeletal warrior
 15539 | D:11     | Noticed a skeletal warrior
 15539 | D:11     | Noticed a skeletal warrior
 15542 | D:11     | Noticed a skeletal warrior
 15544 | D:11     | Killed a skeletal warrior
 15545 | D:11     | Reached XP level 12. HP: 40/83 MP: 0/0
 15545 | D:11     | HP: 3/83 [skeletal warrior (17)]
 15554 | D:11     | Killed a skeletal warrior
 15937 | Lair:1   | Entered Level 1 of the Lair of Beasts
 15940 | Lair:1   | Bought the ring "Renu" {rElec rF+ rN+} for 492 gold pieces
 16537 | Lair:1   | Reached skill level 5 in Armour
 17685 | Lair:2   | Found a staircase to the Shoals.
 17716 | Lair:2   | Reached skill level 13 in Spellcasting
 17758 | Lair:2   | Found a dark tunnel.
 17764 | Volcano  | Entered a volcano
 18255 | Volcano  | Found a burning altar of Makhleb.
 18255 | Volcano  | Noticed a centaur warrior
 18260 | Volcano  | Killed a centaur warrior
 18260 | Volcano  | Noticed a hell knight
 18269 | Volcano  | Killed a hell knight
 18270 | Volcano  | Reached XP level 13. HP: 43/90 MP: 0/0
 18270 | Volcano  | Learned a level 5 spell: Yara's Violent Unravelling
 20349 | Lair:2   | Reached skill level 14 in Spellcasting
 20829 | Lair:3   | Found a staircase to the Snake Pit.
 22124 | Lair:3   | Identified the +4 trident of Ruination {freeze, *Slow Str+3
                  | Stlth+}
 23229 | Lair:4   | Noticed a five-headed hydra
 23233 | Lair:4   | Noticed a six-headed hydra
 23235 | Lair:4   | Killed a five-headed hydra
 23239 | Lair:4   | Killed a six-headed hydra
 23240 | Lair:4   | Reached XP level 14. HP: 44/98 MP: 0/0
 24268 | Lair:4   | Reached skill level 15 in Spellcasting
 25820 | Lair:5   | Found a staircase to the Slime Pits.
 25923 | Lair:5   | Found a runed translucent gate.
 25923 | Lair:5   | Found a runed translucent gate.
 25923 | Lair:5   | Found a runed translucent gate.
 25940 | Lair:5   | Noticed Panli's ghost (journeyman CeAM)
 25943 | Lair:5   | Noticed Caath's ghost (journeyman DrFi)
 25953 | Lair:5   | Noticed Cogue's ghost (journeyman VSWz)
 26499 | Lair:5   | You are sucked into a shaft and drop 1 floor!
 26499 | Lair:6   | Entered Level 6 of the Lair of Beasts
 26683 | Lair:6   | Identified the +6 quarterstaff "Hell-Harrower" {protect,
                  | rPois Str+4 Int+4}
 27516 | Lair:6   | Reached skill level 16 in Spellcasting
 27516 | Lair:6   | Reached XP level 15. HP: 90/105 MP: 0/0
 27516 | Lair:6   | Learned a level 6 spell: Starburst
 28396 | Lair:6   | Identified the +5 hunting sling "Jellybane" {speed, Drain
                  | rN+ Str+8 Dex+3}
 29849 | Orc:1    | Entered Level 1 of the Orcish Mines
 29911 | Orc:1    | Noticed Josephine
 29915 | Orc:1    | Killed Josephine
 30511 | Orc:2    | Entered Level 2 of the Orcish Mines
 30554 | Orc:2    | Found a frozen archway.
 30558 | Orc:2    | Found Macveuty's Weapon Shoppe.
 30565 | IceCv    | Entered an ice cave
 31687 | IceCv    | Found the amulet of the Air {Inacc Air Fly rElec RMsl}
 32037 | Orc:2    | Found Mafig's Merry Market.
 32069 | Orc:2    | Bought a potion of might for 60 gold pieces
 32069 | Orc:2    | Bought a potion of magic for 120 gold pieces
 32531 | Orc:2    | Found Nawkaabb's Book Emporium.
 32610 | Orc:2    | Noticed Nergalle
 32613 | Orc:2    | Killed Nergalle
 32614 | Orc:2    | Reached skill level 10 in Fighting
 32971 | Orc:2    | Reached skill level 17 in Spellcasting
 33121 | Orc:2    | Found Keruel's Magic Scroll Emporium.
 33267 | Orc:2    | Found Xaci's Jewellery Shoppe.
 33288 | Orc:2    | Found Koodul's Antique Armour Shoppe.
 33290 | Orc:2    | Bought a scroll of magic mapping for 63 gold pieces
 33290 | Orc:2    | Bought a scroll of magic mapping for 63 gold pieces
 33290 | Orc:2    | Bought a scroll of teleportation for 54 gold pieces
 33290 | Orc:2    | Bought a scroll of blinking for 135 gold pieces
 33290 | Orc:2    | Bought a scroll of blinking for 135 gold pieces
 33290 | Orc:2    | Bought a scroll of holy word for 135 gold pieces
 33290 | Orc:2    | Bought a scroll of holy word for 135 gold pieces
 33290 | Orc:2    | Bought a scroll of identify for 36 gold pieces
 33444 | Orc:2    | Found a staircase to the Elven Halls.
 34574 | D:12     | Reached XP level 16. HP: 84/113 MP: 0/0
 34756 | D:12     | Identified the ring of Tabor {rN+ Will+}
 35014 | D:12     | Noticed Sonja
 35017 | D:12     | Killed Sonja
 35202 | D:12     | You are sucked into a shaft and drop 1 floor!
 36203 | D:13     | Noticed Urug
 36207 | D:13     | Killed Urug
 36737 | D:13     | Found a gate to the Vaults.
 37116 | D:12     | Found Puxiseve's Magic Scroll Emporium.
 37126 | D:12     | Bought a scroll of identify for 22 gold pieces
 37126 | D:12     | Bought a scroll of teleportation for 33 gold pieces
 37126 | D:12     | Bought a scroll of blinking for 82 gold pieces
 37126 | D:12     | Bought 2 scrolls of teleportation for 66 gold pieces
 37247 | D:12     | Bought a potion of ambrosia for 112 gold pieces
 37247 | D:12     | Bought a scroll of brand weapon for 280 gold pieces
 37247 | D:12     | Bought a wand of iceblast (8) for 168 gold pieces
 37247 | D:12     | Bought a lightning rod (4/4) for 420 gold pieces
 37247 | D:12     | Bought a wand of acid (7) for 308 gold pieces
 37736 | D:11     | Identified the +0 ring mail of Daisies {rF++ rCorr Int-5
                  | Dex-5}
 38267 | Snake:1  | Entered Level 1 of the Snake Pit
 38925 | Snake:1  | Found Yloxt's Distillery.
 39294 | Snake:1  | Reached skill level 18 in Spellcasting
 39598 | Snake:1  | Found Zuifruec's Firing Range.
 40081 | Snake:1  | Bought 2 potions of heal wounds for 130 gold pieces
 40081 | Snake:1  | Bought a potion of curing for 39 gold pieces
 40081 | Snake:1  | Bought a potion of curing for 39 gold pieces
 40968 | Snake:1  | Reached skill level 1 in Evocations
 41963 | Snake:2  | Reached XP level 17. HP: 4/121 MP: 0/0
 41963 | Snake:2  | Learned a level 6 spell: Iron Shot
 42507 | Snake:2  | Noticed Saint Roka
 43693 | Snake:2  | Shot with a bolt by a naga sharpshooter

Illustrated notes

Levels and vault maps discovered:
D:1:      kb_arrival_jail, layout_loops_ring,
          shapermc_ecumenical_altar_mp_vishouse
D:2:      layout_rooms, basic_altar, uniq_terence
D:3:      layout_rooms, lemuel_round_altar, mainiacjoe_overflow_alcove_4,
          mainiacjoe_overflow_six_doors_small, elyvilon_altar_4,
          chequers_big_river, columned_hall_lemuel, uniq_grinder
D:4:      layout_basic, cheibrodos_gnoll_hut, uniq_natasha
D:5:      layout_basic, minmay_pentangle
D:6:      layout_basic, mainiacjoe_overflow_brackets,
          mainiacjoe_overflow_24_doors, trog_butcher_becter,
          minmay_quadrilaterals, uniq_blork_the_orc, uniq_maggie,
          uniq_crazy_yiuf_cottage
D:7:      layout_basic, lemuel_round_altar, minmay_temple_entry_purple_smoke
D:8:      layout_rooms, uniq_psyche
D:9:      layout_basic, grunt_temple_overflow_magic_moments, lair_entry_dummy,
          david_orc_4, serial_shops, nicolae_diamond_shop, water_boxes_lemuel
D:10:     layout_rooms, overflow_temple_1_default, amcnicky_altar_gilded
D:11:     layout_long_grid, nicolae_benzene_ring, st_stairs_12, uniq_erica
D:12:     layout_cave_pools, serial_shops, nicolae_shop_window_shopping,
          uniq_sonja
D:13:     layout_irregular_city, ximxim_vaults_locker_room, uniq_urug
Temple:   compressed_dpeg_triangle_lava_temple
Lair:1:   layout_loops_ring
Lair:2:   layout_regular_city, elwin_shoals_entry_rooms, enter_volcano_3,
          minivault_24
Lair:3:   layout_loops_ring, minmay_snake_entry_guardpost_small,
          mumra_transporter_accident, infiniplex_staircase_pool
Lair:4:   layout_long_grid, minmay_lair_oklob_chamber, serial_bayou_shore_b,
          grunt_megastairs_1
Lair:5:   layout_roguey, minmay_slime_entry_jelly_boxes,
          gammafunk_ghost_cemetery, hellmonk_guarded_unrand_seven_league_boots
Lair:6:   grunt_lair_end_beastmaster, layout_gridlike
Snake:1:  layout_concentric_octagons, nicolae_shop_firing_range,
          minmay_shop_star, serial_bayou_shore_b
Snake:2:  layout_honeycomb, grunt_ministairs_3, st_stairs_6, uniq_saint_roka
Orc:1:    layout_diamond_mine, basic_altar, nicolae_orc_tapped_out,
          uniq_josephine
Orc:2:    kennysheep_orc_mage_school, layout_caves, serial_shops, shop,
          portal_ice_cave_entry_pillars_2, nicolae_alphabet_shops

Skill      XL: |  1  2  3  4  5  6  7  8  9 10 11 12 13 14 15 16 |
---------------+-------------------------------------------------+-----
Spellcasting   | 3 4 5 6 7 9 10 12 13 14 16 17 18 | 18.5
Fighting       | 1 2 3 4 6 7 8 9 10 | 10.8
Stealth        | 2 3 4 |  4.7
Dodging        | 3 4 |  4.2
Long Blades    | 1 2 3 |  3.1
Armour         | 1 3 5 6 7 |  7.8
Evocations     | 1 |  1.6
Shields        | |  0.1

Action                   |  1- 3 |  4- 6 |  7- 9 | 10-12 | 13-15 | 16-18 || total
-------------------------+-------+-------+-------+-------+-------+-------++-------
Melee: Dagger            |     1 |       |       |       |       |       ||     1
       Long sword        |       |       |    12 |    19 |     1 |       ||    32
       Great sword       |       |       |       |       |     4 |       ||     4
 Cast: Foxfire           |    89 |    62 |   279 |       |       |       ||   430
       Sticky Flame      |       |       |    21 |    29 |    17 |     3 ||    70
       Fireball          |       |       |     5 |   179 |   429 |   154 ||   767
       Sandblast         |       |       |       |    22 |    30 |    17 ||    69
       Call Imp          |       |       |       |       |     7 |       ||     7
       Starburst         |       |       |       |       |    24 |    77 ||   101
       Iron Shot         |       |       |       |       |       |    13 ||    13
Invok: Call Merchant     |       |       |       |     1 |       |     1 ||     2
Evoke: Wand              |       |       |       |     2 |       |    13 ||    15
       Phantom mirror    |       |       |       |       |     1 |       ||     1
       Box of beasts     |       |       |       |       |       |     1 ||     1
  Use: Scroll            |       |       |       |    21 |     9 |     8 ||    38
       Potion            |       |       |       |       |     5 |     2 ||     7
 Stab: Sleeping          |       |       |     3 |       |       |       ||     3
Armor: Robe              |     1 |       |    11 |       |       |       ||    12
       Acid dragon scale |       |       |       |     2 |       |       ||     2
       Ring mail         |       |       |       |     3 |    10 |    28 ||    41
Dodge: Dodged            |     9 |     3 |    40 |    24 |    34 |    55 ||   165
       Repelled          |       |       |       |       |       |     4 ||     4
Block: Buckler           |       |       |       |     3 |     1 |       ||     4
       Rpst.: Long sword |       |       |     8 |     2 |     1 |       ||    11
       Great sword       |       |       |       |       |     4 |       ||     4
